[Event "Late Titled Tuesday Blitz February 8 2022"]
[White "Osiecki, Stanislaw"]
[Black "Lopez Del Alamo, Antonio"]
[WhiteFideId "1102990"]
[BlackFideId "2227339"]
[WhiteElo "2127"]
[BlackElo "2082"]
[Result "0-1"]
[Round "05"]
[TimeControl "180+1"]
[Date "2022.02.09"]
[WhiteClock "0:00:44"]
[BlackClock "0:01:01"]

1. e4 c5 2. c3 d5 3. e5 Nc6 4. d4 Bf5 5. Bd3 Bxd3 6. Qxd3 e6 7. Ne2 h5 8. O-O Nh6 9. Rd1 Nf5 10. a3 c4 11. Qh3 g6 12. Ng3 Nxg3 13. Qxg3 Be7 14. Nd2 Qb6 15. Nf3 O-O-O 16. Bg5 Qxb2 17. Bxe7 Nxe7 18. Ng5 Rdf8 19. Rdb1 Qc2 20. Qf4 Qxc3 21. Nxf7 Nf5 22. Ng5 Qxd4 23. Nxe6 Qxf4 24. Nxf4 Ne7 25. Rd1 Rxf4 26. Rab1 Rhf8 27. f3 d4 28. Rb4 d3 29. Rc1 d2 30. Rd1 Rd8 31. Kf2 Nd5 32. Rb5 Nc3 33. Rc5+ Kb8 34. e6 Nxd1+ 35. Kg3 Rff8 36. e7 Ne3 37. exf8=Q Rxf8 0-1


[Site "https://www.chess.com"]

[Event "Late Titled Tuesday Blitz February 8 2022"]
[White "Ozates, Tuna"]
[Black "Zivkovic, Nemanja"]
[WhiteFideId "6354521"]
[BlackFideId "942154"]
[WhiteElo "1872"]
[BlackElo "2388"]
[Result "0-1"]
[Round "05"]
[TimeControl "180+1"]
[Date "2022.02.09"]
[WhiteClock "0:01:58"]
[BlackClock "0:01:30"]

1. c4 Nf6 2. Nc3 c5 3. g3 d5 4. cxd5 Nxd5 5. Bg2 Nc7 6. Nf3 Nc6 7. O-O e5 8. d3 Be7 9. Be3 Be6 10. Rc1 Qd7 11. Qa4 O-O 12. a3 f6 13. b4 cxb4 14. axb4 Bxb4 15. Ne4 b5 16. Qc2 Bd5 17. Nc5 Bxc5 18. Qxc5 Rab8 19. Nxe5 fxe5 20. Bxd5+ Nxd5 21. Qxc6 Qxc6 22. Rxc6 Nxe3 23. fxe3 Rxf1+ 24. Kxf1 b4 25. Ke1 b3 26. Rc1 b2 27. Rb1 a5 28. Kd1 a4 29. Kc2 a3 30. d4 a2 31. Rxb2 Ra8 0-1


[Site "https://www.chess.com"]

[Event "Late Titled Tuesday Blitz February 8 2022"]
[White "Papp, Petra"]
[Black "Gatterer, Florian"]
[WhiteFideId "739049"]
[BlackFideId "811688"]
[WhiteElo "2259"]
[BlackElo "2218"]
[Result "1-0"]
[Round "05"]
[TimeControl "180+1"]
[Date "2022.02.09"]
[WhiteClock "0:02:08"]
[BlackClock "0:02:15"]

1. d4 d5 2. c4 c6 3. Nf3 Nf6 4. Qb3 g6 5. Bf4 Bg7 6. e3 O-O 7. Nc3 a6 8. cxd5 Nxd5 9. Nxd5 cxd5 10. Bd3 Nc6 11. O-O b5 12. Rac1 Na5 13. Qc3 Bg4 14. Bc7 b4 15. Bxd8 bxc3 16. Bxa5 cxb2 17. Rb1 Rab8 18. Bc3 e5 19. Nxe5 1-0


[Site "https://www.chess.com"]

[Event "Late Titled Tuesday Blitz February 8 2022"]
[White "Paravyan, David"]
[Black "Lin, Dachey"]
[WhiteFideId "4194985"]
[BlackFideId "2029650"]
[WhiteElo "2569"]
[BlackElo "2746"]
[Result "1-0"]
[Round "05"]
[TimeControl "180+1"]
[Date "2022.02.08"]
[WhiteClock "0:01:00"]
[BlackClock "0:00:25"]

1. e4 g6 2. d4 Bg7 3. Nf3 c6 4. Bd3 d5 5. exd5 cxd5 6. Bf4 Nf6 7. h3 O-O 8. O-O Nc6 9. c3 Ne4 10. Nbd2 Bf5 11. Qc2 Rc8 12. Qb1 Nxd2 13. Bxd2 Bxd3 14. Qxd3 Re8 15. Rfe1 Qb6 16. Rab1 Na5 17. Bf4 Nc4 18. b3 Nd6 19. c4 dxc4 20. bxc4 Qa6 21. Bxd6 exd6 22. Rxe8+ Rxe8 23. Qb3 b6 24. a4 Rc8 25. Rc1 h6 26. g3 d5 27. c5 bxc5 28. Rxc5 Rxc5 29. dxc5 d4 30. Qd5 Bf8 31. c6 Qb6 32. Ne5 Qc7 33. Nxf7 d3 34. Ne5+ 1-0


[Site "https://www.chess.com"]

[Event "Late Titled Tuesday Blitz February 8 2022"]
[White "Pavlidou, Ekaterini"]
[Black "Milosevic, Milos"]
[WhiteFideId "4213262"]
[BlackFideId "964875"]
[WhiteElo "2127"]
[BlackElo "2198"]
[Result "0-1"]
[Round "05"]
[TimeControl "180+1"]
[Date "2022.02.09"]
[WhiteClock "0:00:33"]
[BlackClock "0:01:17"]

1. d4 a6 2. c4 Nf6 3. Nc3 c5 4. d5 b5 5. cxb5 axb5 6. e4 b4 7. Nb5 d6 8. Bf4 g6 9. f3 Bg7 10. Bd3 O-O 11. Ne2 Nbd7 12. h4 Qa5 13. b3 Ba6 14. a4 bxa3+ 15. Bd2 Qb6 16. Nec3 Ne8 17. Na4 Qb7 18. h5 Bxb5 19. hxg6 Bxd3 20. gxh7+ Kh8 21. Rxa3 c4 22. bxc4 Bxc4 23. Bc3 Bxc3+ 24. Rxc3 Qb4 25. Qd4+ f6 26. Qxc4 Rxa4 27. Qxb4 Rxb4 28. Rc8 0-1


[Site "https://www.chess.com"]

[Event "Late Titled Tuesday Blitz February 8 2022"]
[White "Peatman, Carter"]
[Black "Potapova, Margarita"]
[WhiteFideId "2096480"]
[BlackFideId "14126869"]
[WhiteElo "2422"]
[BlackElo "2209"]
[Result "0-1"]
[Round "05"]
[TimeControl "180+1"]
[Date "2022.02.09"]
[WhiteClock "0:00:05"]
[BlackClock "0:00:10"]

1. d4 Nf6 2. Nf3 g6 3. Bf4 Bg7 4. e3 O-O 5. c3 d6 6. h3 b6 7. Bh2 Bb7 8. Nbd2 Nbd7 9. Be2 Ne4 10. O-O Nxd2 11. Nxd2 c5 12. Bf3 Bxf3 13. Qxf3 Qc7 14. Rfe1 Rab8 15. a4 a6 16. Ra2 e5 17. dxe5 dxe5 18. Qe2 Qc6 19. Qxa6 Ra8 20. Qc4 Rfd8 21. Ne4 Kh8 22. Raa1 h6 23. Red1 Kh7 24. Rd6 Qb7 25. Rad1 b5 26. Qxf7 Qxe4 27. Rxd7 Rxd7 28. Qxd7 Rxa4 29. Qxb5 Ra2 30. Qe2 Qa4 31. f3 Qb3 32. Rd2 Ra1+ 33. Kf2 Qa2 34. Qd3 Rh1 35. Kg3 Qa1 36. Rf2 Qe1 37. Qe2 Qb1 38. Qc2 Qe1 39. Qd2 Qa1 40. Re2 Qa7 41. e4 h5 42. h4 Bh6 43. Qd6 Bf4+ 44. Kf2 c4+ 45. Re3 Qxe3# 0-1


[Site "https://www.chess.com"]

[Event "Late Titled Tuesday Blitz February 8 2022"]
[White "Pesotskiy, Mikhail"]
[Black "Marcziter, Dmitrii"]
[WhiteFideId "34164453"]
[BlackFideId "13900765"]
[WhiteElo "2010"]
[BlackElo "2155"]
[Result "1-0"]
[Round "05"]
[TimeControl "180+1"]
[Date "2022.02.09"]
[WhiteClock "0:00:36"]
[BlackClock "0:00:49"]

1. d4 Nf6 2. c4 g6 3. Nc3 Bg7 4. e4 d6 5. f3 O-O 6. Be3 Na6 7. Bd3 c5 8. Nge2 cxd4 9. Nxd4 Nc5 10. Be2 a5 11. O-O a4 12. b4 axb3 13. axb3 Rxa1 14. Qxa1 Nfd7 15. b4 Na6 16. Qa3 Ne5 17. Rc1 Nc7 18. Nd5 Ne6 19. Nb5 f5 20. exf5 gxf5 21. Qa8 f4 22. Bf2 Qe8 23. Nb6 Ng6 24. Nxc8 Qxc8 25. Qxc8 Rxc8 26. c5 d5 27. Na7 Ra8 28. c6 bxc6 29. Nxc6 Kf7 30. b5 Ne5 31. Nxe5+ Bxe5 32. b6 d4 33. Bc4 Kf6 34. Bh4+ Kf7 35. Re1 Rc8 36. Bd5 d3 37. Rxe5 d2 38. Bxe6+ Kf8 39. Bb3 Rc1+ 40. Kf2 d1=Q 41. Bxd1 Rxd1 42. Rb5 Rd8 43. b7 Rb8 44. Bg5 e5 45. Bf6 1-0


[Site "https://www.chess.com"]

[Event "Late Titled Tuesday Blitz February 8 2022"]
[White "Petersson, Kjell"]
[Black "Bettalli, Francesco"]
[WhiteFideId "1705148"]
[BlackFideId "2816453"]
[WhiteElo "2009"]
[BlackElo "2216"]
[Result "0-1"]
[Round "05"]
[TimeControl "180+1"]
[Date "2022.02.09"]
[WhiteClock "0:00:45"]
[BlackClock "0:01:19"]

1. d4 e5 2. dxe5 Nc6 3. Nf3 Qe7 4. Nc3 Nxe5 5. e4 Nf6 6. Be2 d6 7. O-O g6 8. Re1 Bg7 9. Nd5 Nxd5 10. exd5 O-O 11. Nxe5 Bxe5 12. Bh6 Re8 13. Bf3 Bf5 14. h3 Qh4 15. Qd2 Bd4 16. Bg5 Bxf2+ 17. Qxf2 Qxg5 18. c4 Bxh3 19. Kh1 Bf5 20. Rxe8+ Rxe8 21. Qxa7 Qh4+ 22. Kg1 Qxc4 23. Qxb7 h5 24. Qc6 Qd4+ 25. Kh1 Re3 26. Qxc7 Qf4 27. Qd8+ Kg7 28. a4 Rxf3 29. gxf3 Qxf3+ 30. Kg1 Qg3+ 31. Kf1 Bd3# 0-1


[Site "https://www.chess.com"]

[Event "Late Titled Tuesday Blitz February 8 2022"]
[White "Pichot, Alan"]
[Black "Xiong, Jeffery"]
[WhiteFideId "110973"]
[BlackFideId "2047640"]
[WhiteElo "2543"]
[BlackElo "2727"]
[Result "1/2-1/2"]
[Round "05"]
[TimeControl "180+1"]
[Date "2022.02.08"]
[WhiteClock "0:00:08"]
[BlackClock "0:00:02"]

1. e4 e5 2. Nf3 Nc6 3. Bb5 Nf6 4. d3 Bc5 5. c3 O-O 6. O-O Re8 7. Bg5 h6 8. Bh4 a6 9. Bxc6 dxc6 10. Bg3 Bd6 11. h3 c5 12. Nbd2 b5 13. d4 cxd4 14. cxd4 Nd7 15. Rc1 Bb7 16. dxe5 Nxe5 17. Nxe5 Bxe5 18. Bxe5 Rxe5 19. Nf3 Rxe4 20. Qxd8+ Rxd8 21. Rxc7 Bd5 22. Rd1 Ree8 23. a3 Bxf3 24. Rxd8 Rxd8 25. gxf3 Rd6 26. Kf1 Rd3 27. Kg2 a5 28. Rc5 Rb3 29. a4 bxa4 30. Rxa5 Rb4 31. Ra7 g5 32. Kg3 Kg7 33. Ra6 f6 34. Ra7+ Kg6 35. Ra6 h5 36. Ra7 Kf5 37. Ra5+ Ke6 38. Ra6+ Ke5 39. Kg2 h4 40. f4+ Rxf4 41. b3 axb3 42. Rb6 Ra4 43. Rxb3 f5 44. Re3+ Re4 45. Ra3 g4 46. Ra5+ Kf4 47. Ra3 Rb4 48. Rc3 Kg5 49. Ra3 Rc4 50. Rb3 Rd4 51. Ra3 Re4 52. Rb3 Re2 53. hxg4 fxg4 54. Rb5+ Kf4 55. Rb4+ Re4 56. Rb8 h3+ 57. Kf1 Ra4 58. Rf8+ Ke4 59. Kg1 Kd3 60. Re8 Re4 61. Rg8 Ke2 62. Rf8 Rd4 63. Re8+ Kf3 64. Rf8+ Rf4 65. Re8 h2+ 66. Kxh2 Kxf2 67. Ra8 g3+ 68. Kh3 Rf3 69. Ra2+ Kf1 70. Rg2 Rf2 71. Rxg3 Ke2 72. Rg2 Rxg2 73. Kxg2 1/2-1/2


[Site "https://www.chess.com"]

[Event "Late Titled Tuesday Blitz February 8 2022"]
[White "Pinheiro, Iung Alicio de O."]
[Black "Ramirez, Alejandro"]
[WhiteFideId "2104350"]
[BlackFideId "6500617"]
[WhiteElo "2590"]
[BlackElo "2694"]
[Result "0-1"]
[Round "05"]
[TimeControl "180+1"]
[Date "2022.02.09"]
[WhiteClock "0:00:16"]
[BlackClock "0:00:13"]

1. e4 c5 2. Nf3 e6 3. c3 Nf6 4. e5 Nd5 5. Bc4 Nb6 6. Bb3 c4 7. Bc2 Nc6 8. Qe2 Qc7 9. Na3 Bxa3 10. bxa3 O-O 11. a4 f5 12. Ba3 Re8 13. Bd6 Qd8 14. h4 Nd5 15. Ng5 h6 16. Qh5 Nce7 17. g4 Rf8 18. gxf5 Qe8 19. Qf3 Rxf5 20. Bxf5 Nxf5 21. Ne4 b6 22. Rg1 Kh7 23. Ng3 Nxg3 24. Rxg3 Bb7 25. O-O-O Bc6 26. Rdg1 g5 27. Qe4+ Qg6 28. Qxc4 Qf5 29. hxg5 Nf4 30. g6+ Kg8 31. Kb2 Bd5 32. Qd4 Rc8 33. Ka1 Rc4 34. Qe3 Rxa4 35. Rg4 Rxa2# 0-1


[Site "https://www.chess.com"]

[Event "Late Titled Tuesday Blitz February 8 2022"]
[White "Plotkin, Mark"]
[Black "Mamedyarov, Shakhriyar"]
[WhiteFideId "2611651"]
[BlackFideId "13401319"]
[WhiteElo "2178"]
[BlackElo "2769"]
[Result "1/2-1/2"]
[Round "05"]
[TimeControl "180+1"]
[Date "2022.02.08"]
[WhiteClock "0:00:10"]
[BlackClock "0:00:05"]

1. e4 c5 2. c3 d5 3. exd5 Qxd5 4. d4 Nc6 5. dxc5 Qxc5 6. Be3 Qa5 7. b4 Qc7 8. Nf3 Nf6 9. Nbd2 Nd5 10. Bg5 f6 11. Qb3 e6 12. Bh4 a5 13. b5 a4 14. Qc4 Ne5 15. Qxc7 Nxf3+ 16. Nxf3 Nxc7 17. O-O-O e5 18. b6 Na6 19. Bc4 Bf5 20. Kb2 Be7 21. Rhe1 a3+ 22. Kc1 Rc8 23. Nxe5 g5 24. Bxg5 fxg5 25. g4 Bxg4 26. Bb5+ Kf8 27. Nxg4 Rxc3+ 28. Kd2 Rc5 29. Bd3 Nb4 30. Ne5 Nxd3 31. Kxd3 Kg7 32. Nd7 Rd5+ 33. Ke4 Rxd1 34. Rxd1 Rc8 35. Kf5 Rc2 36. Ke6 Re2+ 37. Ne5 Bc5 38. Rd7+ Kh6 39. Kf5 Rxf2+ 40. Ke6 Re2 41. Kf5 Rf2+ 42. Ke6 Re2 43. Kf5 Rf2+ 1/2-1/2


[Site "https://www.chess.com"]

[Event "Late Titled Tuesday Blitz February 8 2022"]
[White "Postnikov, Daniil"]
[Black "Jaracz, Pawel"]
[WhiteFideId "4166329"]
[BlackFideId "1102222"]
[WhiteElo "2261"]
[BlackElo "2429"]
[Result "0-1"]
[Round "05"]
[TimeControl "180+1"]
[Date "2022.02.08"]
[WhiteClock "0:00:04"]
[BlackClock "0:00:18"]

1. e4 c5 2. Nf3 e6 3. g3 b6 4. Bg2 Bb7 5. Qe2 d6 6. O-O Be7 7. c3 Nf6 8. d3 O-O 9. Re1 Nbd7 10. Nbd2 Rc8 11. h4 b5 12. Nf1 c4 13. Nd4 cxd3 14. Qxd3 Nc5 15. Qxb5 Ba6 16. Qb4 Nd3 17. Qa4 Nxe1 18. Qxa6 Nxg2 19. Kxg2 Nxe4 20. Qxa7 d5 21. Be3 Bc5 22. Qa4 Qf6 23. Nd2 e5 24. Nxe4 dxe4 25. Nc2 Qf3+ 26. Kg1 Bxe3 27. Nxe3 Rcd8 28. Qc2 f5 29. a4 f4 30. Nf1 e3 31. fxe3 fxg3 32. a5 Rd6 33. Qg2 Qg4 34. a6 e4 35. a7 Ra8 36. Nxg3 Rd1+ 37. Rxd1 Qxd1+ 38. Kh2 Rxa7 39. Qxe4 Qd2+ 40. Kh3 Qd7+ 41. Kh2 Qf7 42. Qd4 Rd7 43. Qe4 g6 44. b4 Rd2+ 45. Kh3 Qd7+ 46. Qg4 Rh2+ 47. Kxh2 Qxg4 0-1


[Site "https://www.chess.com"]

[Event "Late Titled Tuesday Blitz February 8 2022"]
[White "Pourkashiyan, Atousa"]
[Black "Yuan, Qingyu"]
[WhiteFideId "12502014"]
[BlackFideId "8609772"]
[WhiteElo "2247"]
[BlackElo "2359"]
[Result "0-1"]
[Round "05"]
[TimeControl "180+1"]
[Date "2022.02.09"]
[WhiteClock "0:00:16"]
[BlackClock "0:00:18"]

1. e4 c6 2. d4 d5 3. Nd2 dxe4 4. Nxe4 Nf6 5. Nxf6+ exf6 6. c3 Bd6 7. Bd3 O-O 8. Ne2 Re8 9. Qc2 h5 10. O-O h4 11. h3 Nd7 12. Bf4 Nf8 13. Bxd6 Qxd6 14. Rfe1 Be6 15. Qd2 Ng6 16. Bxg6 fxg6 17. Qf4 Qxf4 18. Nxf4 Bf7 19. b3 g5 20. Nd3 Kf8 21. f3 Bg6 22. Nc5 b6 23. Ne4 Re6 24. Kf2 a5 25. Nd2 Ke7 26. Rxe6+ Kxe6 27. Re1+ Kd7 28. Nc4 Ra6 29. f4 gxf4 30. Kf3 b5 31. Nd2 a4 32. b4 Bf7 33. a3 Bd5+ 34. Kxf4 Bxg2 35. Rg1 g5+ 36. Kg4 Bd5 37. Kf5 Ke7 38. Ne4 Be6+ 39. Kg6 Bxh3 40. Nxf6 c5 41. Re1+ Re6 42. Rxe6+ Bxe6 43. Kxg5 cxb4 44. cxb4 h3 45. Ne4 h2 46. Ng3 Bd5 47. Kf4 Ke6 48. Ke3 h1=Q 49. Nxh1 Bxh1 50. Kd3 Kd5 51. Kc3 Ke4 52. d5 Kxd5 53. Kd3 Be4+ 54. Kc3 Bh7 55. Kb2 Kd4 56. Ka2 Kc3 57. Ka1 Bg8 58. Kb1 Kb3 59. Ka1 Kxa3 60. Kb1 Kxb4 61. Kb2 a3+ 62. Ka1 Bd5 63. Kb1 Bc6 64. Ka1 Kb3 65. Kb1 Kc3 66. Ka1 b4 67. Ka2 Kc2 68. Ka1 Bd7 69. Ka2 Bh3 70. Ka1 Bg4 71. Ka2 b3+ 72. Ka1 b2+ 73. Ka2 b1=Q+ 74. Kxa3 Qb3# 0-1


[Site "https://www.chess.com"]

[Event "Late Titled Tuesday Blitz February 8 2022"]
[White "Pranav, V"]
[Black "Daggupati, Balaji"]
[WhiteFideId "25060783"]
[BlackFideId "2090759"]
[WhiteElo "2349"]
[BlackElo "2731"]
[Result "0-1"]
[Round "05"]
[TimeControl "180+1"]
[Date "2022.02.08"]
[WhiteClock "0:00:04"]
[BlackClock "0:00:07"]

1. e4 c5 2. Nf3 e6 3. b3 d6 4. Bb2 e5 5. g3 Nf6 6. Bg2 Be7 7. O-O O-O 8. Re1 Nc6 9. h3 Ne8 10. c3 f5 11. exf5 Bxf5 12. d3 Qd7 13. g4 Bg6 14. Na3 Nc7 15. d4 cxd4 16. cxd4 e4 17. d5 exf3 18. dxc6 bxc6 19. Bxf3 Bf6 20. Bxf6 Rxf6 21. Bg2 Raf8 22. Re2 h5 23. g5 Rf5 24. Qd2 Ne6 25. Rae1 Nf4 26. Re7 Qxe7 27. Rxe7 Rxg5 28. Qd4 Rxg2+ 29. Kh1 Bf7 30. Re4 Bd5 31. Nc2 Bxe4 32. Qxe4 Rxf2 33. Nd4 Kh8 34. Nf3 Nxh3 35. Nh4 Nf4 36. Qe7 Rf1+ 37. Kh2 Nd5 38. Ng6+ Kg8 39. Qe6+ R8f7 40. Qxd6 R1f2+ 41. Kg3 R2f6 42. Qd8+ Kh7 43. Ne5 Nf4 44. Nxf7 Rxf7 45. Qc8 Ne2+ 46. Kg2 g6 47. Qxc6 Nf4+ 48. Kh2 g5 49. Qc4 Kg6 50. b4 h4 51. a4 g4 52. Qc6+ Rf6 53. Qe4+ Kg5 54. Qe5+ Rf5 55. Qe7+ Rf6 56. Qg7+ Ng6 57. b5 g3+ 58. Kh3 Rf2 0-1


[Site "https://www.chess.com"]

[Event "Late Titled Tuesday Blitz February 8 2022"]
[White "Prieto Aranguren, Alain"]
[Black "Romanchuk, Viktor"]
[WhiteFideId "2268906"]
[BlackFideId "14109271"]
[WhiteElo "2235"]
[BlackElo "2242"]
[Result "0-1"]
[Round "05"]
[TimeControl "180+1"]
[Date "2022.02.09"]
[WhiteClock "0:00:49"]
[BlackClock "0:00:17"]

1. d4 d5 2. c4 c6 3. Nf3 Nf6 4. Nc3 e6 5. Bg5 h6 6. Bh4 dxc4 7. e3 b5 8. Be2 Bb7 9. O-O Be7 10. Ne5 Nbd7 11. f4 O-O 12. Bf3 Nd5 13. Bxe7 Qxe7 14. Qe2 a6 15. g3 c5 16. e4 cxd4 17. exd5 dxc3 18. d6 Qxd6 19. Bxb7 Qb6+ 20. Qf2 Qxb7 21. bxc3 Rad8 22. Rad1 Nf6 23. Rd4 Rxd4 24. Qxd4 Qc7 25. Rd1 Rc8 26. g4 Nd5 27. g5 hxg5 28. fxg5 Qc5 29. g6 fxg6 30. Nxg6 Nxc3 31. Ne7+ Qxe7 32. Qxc3 Qg5+ 33. Kh1 Rf8 34. Qe3 Qxe3 0-1


[Site "https://www.chess.com"]

[Event "Late Titled Tuesday Blitz February 8 2022"]
[White "Przybylski, Wojciech"]
[Black "Chabris, Christopher"]
[WhiteFideId "1117599"]
[BlackFideId "2005263"]
[WhiteElo "2133"]
[BlackElo "2306"]
[Result "1-0"]
[Round "05"]
[TimeControl "180+1"]
[Date "2022.02.09"]
[WhiteClock "0:00:25"]
[BlackClock "0:00:02"]

1. d4 d5 2. c4 c6 3. Nf3 Nf6 4. Nc3 e6 5. Bg5 dxc4 6. e4 b5 7. a3 Nbd7 8. g3 h6 9. Bf4 Bb7 10. Bg2 a6 11. O-O Be7 12. Re1 O-O 13. Qd2 Nh5 14. Bxh6 gxh6 15. Qxh6 Ng7 16. e5 f5 17. Ne4 fxe4 18. Rxe4 c5 19. Rg4 Rf7 20. Nh4 Bxh4 21. Bxb7 Bg5 22. Rxg5 Ra7 23. Be4 Kf8 24. d5 Nxe5 25. Rxe5 Qf6 26. Qh8+ Ke7 27. d6+ Kd7 28. Bc6+ Kxd6 29. Rd1+ Kxc6 30. Re2 Rfd7 31. Rde1 Nf5 32. Qxf6 1-0


[Site "https://www.chess.com"]

[Event "Late Titled Tuesday Blitz February 8 2022"]
[White "Pulvett Marin, Daniel Eduardo"]
[Black "Ozen, Deniz"]
[WhiteFideId "3900410"]
[BlackFideId "6349196"]
[WhiteElo "2413"]
[BlackElo "2326"]
[Result "1-0"]
[Round "05"]
[TimeControl "180+1"]
[Date "2022.02.08"]
[WhiteClock "0:00:49"]
[BlackClock "0:00:03"]

1. d4 Nf6 2. c4 e5 3. dxe5 Ne4 4. Nf3 b6 5. e3 Bb7 6. Be2 Bb4+ 7. Nbd2 Nxd2 8. Bxd2 Bxd2+ 9. Qxd2 Nc6 10. O-O Qe7 11. Rfd1 O-O-O 12. Qc3 Rhe8 13. Rd5 Na5 14. Rd2 Nc6 15. Rd5 Nb8 16. Rd2 Bxf3 17. Bxf3 Qxe5 18. Qa3 Nc6 19. Rad1 Qe6 20. Bd5 Qf6 21. Qa6+ Kb8 22. b4 Rc8 23. c5 Qc3 24. a3 Rf8 25. Rd3 Qe5 26. g3 f5 27. Bg2 Qe6 28. Rxd7 Rfd8 29. Bxc6 1-0


[Site "https://www.chess.com"]

[Event "Late Titled Tuesday Blitz February 8 2022"]
[White "Punin, Andrii"]
[Black "Jobava, Baadur"]
[WhiteFideId "14112639"]
[BlackFideId "13601520"]
[WhiteElo "2357"]
[BlackElo "2617"]
[Result "0-1"]
[Round "05"]
[TimeControl "180+1"]
[Date "2022.02.08"]
[WhiteClock "0:00:03"]
[BlackClock "0:01:32"]

1. e4 c6 2. Nc3 d5 3. Nf3 Bg4 4. h3 Bxf3 5. Qxf3 e6 6. Be2 Nd7 7. d4 g6 8. O-O h5 9. exd5 cxd5 10. Bb5 Bg7 11. Ne2 Ne7 12. c3 O-O 13. Bf4 Nf6 14. Bd3 Nf5 15. Ng3 Re8 16. Be5 Nh4 17. Qf4 Nd7 18. Bxg7 Kxg7 19. Rae1 Qf6 20. Qd2 e5 21. dxe5 Nxe5 22. Be2 Rad8 23. Kh1 Nc4 24. Bxc4 dxc4 25. Qc2 Qc6 26. f3 Qc7 27. Ne4 Nf5 28. Qf2 b6 29. Kg1 h4 30. Re2 Ng3 31. Rfe1 Nxe2+ 32. Rxe2 Rd1+ 33. Re1 Rxe1+ 34. Qxe1 f5 0-1


[Site "https://www.chess.com"]

[Event "Late Titled Tuesday Blitz February 8 2022"]
[White "Quirke, Jeffrey"]
[Black "Rorrer, Grayson"]
[WhiteFideId "2013029"]
[BlackFideId "30944996"]
[WhiteElo "2260"]
[BlackElo "2122"]
[Result "0-1"]
[Round "05"]
[TimeControl "180+1"]
[Date "2022.02.09"]
[WhiteClock "0:00:29"]
[BlackClock "0:01:08"]

1. d4 Nf6 2. c4 e6 3. Nc3 Bb4 4. Qc2 Nc6 5. Nf3 d6 6. Bd2 e5 7. a3 Bxc3 8. Bxc3 O-O 9. d5 Ne7 10. e4 Nh5 11. g3 f5 12. Bh3 fxe4 13. Bxc8 Qxc8 14. Qxe4 Nf6 15. Qe2 Qf5 16. O-O Nfxd5 17. cxd5 Qxf3 18. Qb5 b6 19. Qd7 Nxd5 20. Rac1 Rad8 21. Qa4 Nf4 0-1


[Site "https://www.chess.com"]

[Event "Late Titled Tuesday Blitz February 8 2022"]
[White "Reprintsev, Alexander"]
[Black "Garcia Martin, Marta"]
[WhiteFideId "14100541"]
[BlackFideId "32084030"]
[WhiteElo "2126"]
[BlackElo "2102"]
[Result "0-1"]
[Round "05"]
[TimeControl "180+1"]
[Date "2022.02.09"]
[WhiteClock "0:00:09"]
[BlackClock "0:01:02"]

1. e4 c5 2. b3 Nc6 3. Bb2 e5 4. f4 d6 5. Qf3 Nf6 6. Bb5 Bg4 7. Qe3 Bd7 8. Nf3 Ng4 9. Qe2 exf4 10. Nc3 Nge5 11. Nd5 Be7 12. Nxf4 Nxf3+ 13. Qxf3 Bf6 14. Bxf6 Qxf6 15. O-O O-O 16. Nd5 Qd4+ 17. Qf2 Qxe4 18. c4 Rae8 19. Rae1 Qd4 20. Qxd4 cxd4 21. Bxc6 bxc6 22. Ne7+ Kh8 23. h3 f5 24. g4 fxg4 25. Rxf8+ Rxf8 26. hxg4 Re8 27. Kf2 g6 0-1


[Site "https://www.chess.com"]

[Event "Late Titled Tuesday Blitz February 8 2022"]
[White "Riehle, Marco"]
[Black "Zarubitski, Viachaslau"]
[WhiteFideId "12904392"]
[BlackFideId "13509373"]
[WhiteElo "2462"]
[BlackElo "2325"]
[Result "1-0"]
[Round "05"]
[TimeControl "180+1"]
[Date "2022.02.08"]
[WhiteClock "0:00:36"]
[BlackClock "0:00:02"]

1. e4 d6 2. d4 Nf6 3. f3 Nbd7 4. c4 e5 5. d5 c6 6. Nc3 cxd5 7. cxd5 h5 8. Bd3 h4 9. Be3 Nh5 10. Nge2 a6 11. Qd2 b5 12. O-O-O Nc5 13. Bc2 Qc7 14. Kb1 Bd7 15. g4 Nf6 16. Rc1 Be7 17. Rhg1 a5 18. g5 Nh5 19. g6 f6 20. Bd1 Qb7 21. Bxc5 dxc5 22. d6 Bd8 23. Nd5 c4 24. f4 Nxf4 25. Nexf4 exf4 26. Qxf4 Be6 27. Bf3 Ra6 28. Rcd1 b4 29. Nc7+ Bxc7 30. dxc7 Ke7 31. e5 Qb5 32. exf6+ gxf6 33. g7 Rg8 34. Qd4 c3 35. Qd8+ Kf7 36. Bh5+ Qxh5 37. Rd7+ 1-0


[Site "https://www.chess.com"]

[Event "Late Titled Tuesday Blitz February 8 2022"]
[White "Rodrigues Mota, Romulo Cardoso S"]
[Black "Moreira, Ronaldo Alonso"]
[WhiteFideId "2187442"]
[BlackFideId "2110547"]
[WhiteElo "1719"]
[BlackElo "2037"]
[Result "1-0"]
[Round "05"]
[TimeControl "180+1"]
[Date "2022.02.09"]
[WhiteClock "0:01:19"]
[BlackClock "0:00:04"]

1. e4 e5 2. Nf3 Nc6 3. d4 exd4 4. Bc4 Nf6 5. e5 d5 6. Bb5 Ne4 7. Nxd4 Bc5 8. O-O O-O 9. Nxc6 bxc6 10. Bxc6 Rb8 11. Qxd5 Qxd5 12. Bxd5 Nxf2 13. Rxf2 Be6 14. Nc3 Rbd8 15. Bb3 Bxb3 16. axb3 f6 17. e6 Rfe8 18. Bf4 Rxe6 19. Na4 Bxf2+ 20. Kxf2 g5 21. Be3 Rde8 22. Re1 f5 23. Nc5 Re5 24. Nd3 Re4 25. Nc5 R4e5 26. Nd7 R5e7 27. Nf6+ 1-0


[Site "https://www.chess.com"]

[Event "Late Titled Tuesday Blitz February 8 2022"]
[White "Rudzinska, Michalina"]
[Black "Rudykh, Stepan"]
[WhiteFideId "1172883"]
[BlackFideId "4180321"]
[WhiteElo "1904"]
[BlackElo "2141"]
[Result "1-0"]
[Round "05"]
[TimeControl "180+1"]
[Date "2022.02.09"]
[WhiteClock "0:00:58"]
[BlackClock "0:00:01"]

1. e4 e6 2. d4 d5 3. Nd2 Nf6 4. e5 Nfd7 5. Bd3 c5 6. c3 Nc6 7. Ne2 cxd4 8. cxd4 f6 9. exf6 Nxf6 10. Nf3 Bd6 11. O-O Qc7 12. g3 O-O 13. Bf4 Bd7 14. Bxd6 Qxd6 15. Nc3 a6 16. Re1 Be8 17. Ne5 Nxd4 18. Bxh7+ Nxh7 19. Qxd4 Rc8 20. Rad1 Bh5 21. g4 Be8 22. Re3 Qc5 23. Qxc5 Rxc5 24. Nd3 Rc4 25. Ne5 Rcf4 26. f3 Ng5 27. Ne2 Nxf3+ 28. Kg2 Nh4+ 29. Kg3 g5 30. Nxf4 Rxf4 31. Nf3 Nxf3 32. Rxf3 Rxf3+ 33. Kxf3 Kf7 34. Ke3 Kf6 35. Kd4 Bb5 36. Rd2 1-0


[Site "https://www.chess.com"]

[Event "Late Titled Tuesday Blitz February 8 2022"]
[White "Ruiz Aguilar, Pablo Alexander"]
[Black "Mladenovic, Stefan"]
[WhiteFideId "4401352"]
[BlackFideId "942227"]
[WhiteElo "2125"]
[BlackElo "2355"]
[Result "1-0"]
[Round "05"]
[TimeControl "180+1"]
[Date "2022.02.09"]
[WhiteClock "0:01:15"]
[BlackClock "0:00:26"]

1. e4 c5 2. Nf3 d6 3. d4 cxd4 4. Nxd4 Nf6 5. Nc3 g6 6. Be3 Bg7 7. f3 O-O 8. Qd2 Nc6 9. Bc4 Bd7 10. O-O-O Na5 11. Be2 Rb8 12. h4 b5 13. Bh6 Nc4 14. Bxc4 bxc4 15. Bxg7 Kxg7 16. h5 Kg8 17. Qh6 Qb6 18. g4 Qxb2+ 19. Kd2 Qb4 20. hxg6 fxg6 21. g5 Nxe4+ 22. fxe4 Rf2+ 23. Ne2 Bg4 24. Qxh7+ Kf8 25. Rdf1 Rxf1 26. Rxf1+ Ke8 27. Rb1 Qxb1 28. Nxb1 Rxb1 29. Qxg6+ Kd7 30. Qf7 c3+ 31. Nxc3 Be6 32. Qxe6+ Kxe6 33. Nxb1 Kf7 34. Ke3 Kg6 35. Kf4 1-0


[Site "https://www.chess.com"]

[Event "Late Titled Tuesday Blitz February 8 2022"]
[White "Sarana, Alexey"]
[Black "Yoo, Christopher Woojin"]
[WhiteFideId "24133795"]
[BlackFideId "30909694"]
[WhiteElo "2665"]
[BlackElo "2105"]
[Result "1-0"]
[Round "05"]
[TimeControl "180+1"]
[Date "2022.02.08"]
[WhiteClock "0:01:44"]
[BlackClock "0:01:44"]

1. d4 Nf6 2. c4 e6 3. Nc3 Bb4 4. e3 O-O 5. Bd3 d5 6. a3 Be7 7. Nf3 b6 8. cxd5 exd5 9. O-O Bb7 10. b4 Nbd7 11. Bb2 c5 12. dxc5 bxc5 13. bxc5 Nxc5 14. Be2 Rb8 15. Rb1 Nfe4 16. Nb5 Bf6 17. Nbd4 Qa5 18. Qe1 Qa4 19. Bb5 Qxb5 20. Nxb5 Nd3 21. Qe2 Nxb2 22. Rxb2 Bxb2 23. Qxb2 Bc6 24. a4 a6 25. Qc2 axb5 26. Qxc6 b4 27. Qxd5 Nc3 28. Qb3 1-0


[Site "https://www.chess.com"]